 Dungeon Crawl Stone Soup version 0.18.1-6-gd335043 (webtiles) character file.

185 mistymad the Covered (level 5, -3/33 HPs)
             Began as a Gargoyle Fighter on May 20, 2016.
             Slain by Menkaure (14 damage)
             ... on level 4 of the Dungeon.
             The game lasted 00:06:05 (2730 turns).

mistymad the Covered (Gargoyle Fighter)             Turns: 2730, Time: 00:06:06

Health: -3/33      AC: 13    Str: 19    XL:     5   Next: 64%
Magic:  5/5        EV:  8    Int:  9    God:
Gold:   175        SH:  9    Dex: 10    Spells: 0 memorised, 4 levels left

rFire  . . .     SeeInvis .     a - +0 flail
rCold  . . .     Gourm    .     b - +0 scale mail
rNeg   + . .     Faith    .     c - +0 shield
rPois  ∞         Spirit   .     (no helmet)
rElec  +         Dismiss  .     k - +0 cloak
rCorr  .         Reflect  .     t - +0 pair of gloves
SustAt .         Harm     .     (no boots)
MR     .....                    (no amulet)
Stlth  ..........               (no ring)
                                (no ring)

@: not resistant to hostile enchantments, extremely unstealthy
A: negative energy resistance 1, electricity resistance, unbreathing,
petrification resistance, rot immunity, AC +4
a: no special abilities


You were on level 4 of the Dungeon.
You were not hungry.

You visited 1 branch of the dungeon, and saw 4 of its levels.

You collected 175 gold pieces.

Inventory:

Hand Weapons
 a - a +0 flail (weapon)
Armour
 b - a +0 scale mail (worn)
 c - a +0 shield (worn)
 k - a +0 cloak (worn)
 t - a +0 pair of gloves (worn)
Jewellery
 e - an uncursed ring of magical power {unknown}
 h - an uncursed ring of flight {unknown}
 i - a cursed ring of loudness {unknown}
 u - an uncursed ring of protection from fire {unknown}
Scrolls
 l - 5 scrolls of identify {unknown}
 m - 2 scrolls of recharging {unknown}
 p - a scroll of fog {unknown}
 q - a scroll of enchant weapon {unknown}
 r - a scroll of amnesia {unknown}
 s - a scroll of magic mapping {unknown}
 v - a scroll of fear {unknown}
Potions
 d - a potion of might
 g - 2 potions of brilliance {unknown}
 o - a potion of experience {unknown}
Comestibles
 f - 2 bread rations
 n - 5 fruits


   Skills:
 + Level 4.1 Fighting
 + Level 3.0 Maces & Flails
 + Level 4.3 Armour
 + Level 1.5 Dodging
 + Level 4.1 Shields


You had 4 spell levels left.
You didn't know any spells.

Dungeon Overview and Level Annotations

Branches:
Dungeon (4/15)
 Temple: D:4-7

Altars:
Fedhas
Okawaru
Sif Muna
Xom

Annotations:
D:4 Menkaure


Innate Abilities, Weirdness & Mutations

You are resistant to torment.
Your stone body is resilient (AC +4).
You are immune to poison.
You resist negative energy.
You are resistant to electric shocks.
You can survive without breathing.
You are immune to petrification.
You are immune to rotting.


Message History

The orc hits you but does no damage. You block the orc's attack.
You hit the orc.
You kill the orc!
You start resting.
HP restored.
You see here a robe.
There is a stone staircase leading down here.
You climb downwards.
Level annotation: Menkaure Menkaure calls on the powers of darkness!
Your body is wracked with pain!
There is a stone staircase leading up here.
You hit Menkaure.
Menkaure is moderately damaged.
Menkaure hits you!
Ouch! That really hurt!
You sock Menkaure!
Menkaure is severely damaged.
Menkaure hits you!
You die...

##.#
##.#.#....#
# ....#.##.#
......#.##<#
#..#.......#
.........#
.#....####
#..#....#
#.....M@#
##.##..##
..... #.###.
# #. ##


You could see Menkaure.

Vanquished Creatures
  3 gnolls (D:3)
  6 adders
  3 oozes
  A worm (D:3)
  2 dart slugs (D:1)
  2 giant geckos
  6 orcs (D:3)
  3 ball pythons
  8 bats
  3 giant cockroaches
  3 goblins
  5 hobgoblins
  8 jackals
  9 giant newts
  6 kobolds
  11 rats
79 creatures vanquished.

Notes
Turn   | Place    | Note
--------------------------------------------------------------
     0 | D:1      | mistymad the Gargoyle Fighter began the quest for the Orb.
     0 | D:1      | Reached XP level 1. HP: 14/14 MP: 1/1
    41 | D:1      | Reached XP level 2. HP: 18/19 MP: 2/2
   596 | D:1      | Reached XP level 3. HP: 23/23 MP: 3/3
   961 | D:2      | Found a shimmering altar of Xom.
  1168 | D:2      | Reached skill level 1 in Dodging
  1168 | D:2      | Reached XP level 4. HP: 22/29 MP: 4/4
  1501 | D:2      | Found a deep blue altar of Sif Muna.
  1871 | D:3      | Reached XP level 5. HP: 33/33 MP: 5/5
  2071 | D:3      | Found a blossoming altar of Fedhas.
  2502 | D:3      | Found an iron altar of Okawaru.
  2611 | D:4      | Noticed Menkaure
  2730 | D:4      | Slain by Menkaure

Skill      XL: |  1  2  3  4  5 |
---------------+----------------+-----
Dodging        | 1 |  1.5
Armour         | 4 |  4.3
Shields        | 4 |  4.1
Fighting       | 4 |  4.1
Maces & Flails | 3 |  3.0

Action                   |  1- 3 |  4- 6 || total
-------------------------+-------+-------++-------
Melee: Flail             |   108 |   179 ||   287
  Eat: Chunk             |     1 |     5 ||     6
Armor: Scale mail        |    72 |   100 ||   172
Dodge: Dodged            |    48 |    65 ||   113
Block: Shield            |    65 |   103 ||   168
